ARIZONA Coyotes vs ST. LOUIS Blues

Created - 5 mai 2024 at 22:42

Goals
1 2 3 T
ARIZONA Coyotes 0 1 2 3
ST. LOUIS Blues 0 1 1 2
Shots
1 2 3 T
ARIZONA Coyotes 10 9 23 42
ST. LOUIS Blues 5 18 12 35

1st period

No Goal

Penalties :
Sam Reinhart (ARI) for Kneeing (Minor) at 2:56, Oscar Klefbom (STL) for Holding (Minor) at 5:15, Brandon Tanev (STL) for Slashing (Minor) at 16:28

2nd period

1. ST. LOUIS Blues , Gustav Forsling 1 (Oliver Bjorkstrand 2, Erik Haula 2) at 8:32 (PP)
2. ARIZONA Coyotes , Nick Bonino 1 (Roman Josi 4, Ryan Nugent-Hopkins 1) at 12:33

Penalties :
Vladislav Gavrikov (ARI) for Roughing (Minor) at 7:06, Kevin Labanc (STL) for High sticking (Minor) at 10:25

3rd period

3. ARIZONA Coyotes , Ryan Nugent-Hopkins 2 (Roman Josi 5) at 0:11
4. ST. LOUIS Blues , Erik Haula 3 (Damon Severson 2, Gustav Forsling 4) at 11:14
5. ARIZONA Coyotes , Ryan Nugent-Hopkins 3 (Ryan Hartman 1, Mark Scheifele 1) at 12:18 (PP)

Penalties :
Brandon Tanev (STL) for Slashing (Minor) at 2:27, Dylan Coghlan (STL) for Roughing (Minor) at 6:26, Damon Severson (STL) for Holding (Minor) at 9:07, Michael Bunting (ARI) for High sticking (Minor) at 9:07, Damon Severson (STL) for Tripping (Minor) at 11:36, Marcus Johansson (STL) for Interference (Minor) at 14:59, Vladislav Gavrikov (ARI) for Hooking (Minor) at 19:35

Goalie Stats

Andrei Vasilevskiy (ARI), 33 saves from 35 shots - (0,943), W, 1-1-1, 60:00 minutes
Marc-Andre Fleury (STL), 39 saves from 42 shots - (0,929), L, 2-1-0, 59:45 minutes

Players Stats for ARIZONA Coyotes

Player Name              G  A  P  +/- PIM S  H  SB GA TA FO     MP     PP MP  PK MP  
------------------------------------------------------------------------------------
Alec Martinez            0  0  0   0  0   1  0  1  0  0  0/0    17:17   0:00   2:00 
Artemi Panarin           0  0  0   0  0   3  1  0  0  0  1/3    24:04   6:00   0:00 
Auston Matthews          0  0  0   0  0   9  1  0  0  0  22/36  24:06   6:00   0:02 
Brandon Sutter           0  0  0   1  0   1  0  0  0  0  4/12    8:19   0:00   3:02 
Frederick Gaudreau       0  0  0  -1  0   0  0  0  0  0  5/11    9:46   0:00   0:45 
Jonas Siegenthaler       0  0  0   1  0   0  0  0  0  0  0/0    14:39   0:00   1:57 
Mark Scheifele           0  1  1   1  0   3  0  0  0  0  17/30  18:25   6:36   0:00 
Michael Bunting          0  0  0  -1  2   1  1  0  0  0  1/1     8:24   0:00   0:00 
Mikey Anderson           0  0  0   1  0   0  4  1  0  0  0/0    12:17   0:43   0:00 
Nick Bonino              1  0  1   1  0   1  1  0  0  0  0/0     5:14   0:00   0:33 
Pierre-Edouard Bellemare 0  0  0   1  0   0  1  0  0  0  0/0     5:17   0:00   0:00 
Rickard Rakell           0  0  0  -1  0   1  1  0  0  0  0/1    15:03   6:36   0:02 
Roman Josi               0  2  2   0  0   4  1  1  0  0  0/0    25:01   6:44   0:36 
Ryan Hartman             0  1  1   1  0   1  1  0  0  0  2/3    17:56   6:36   0:00 
Ryan Nugent-Hopkins      2  1  3   1  0   8  1  0  0  0  1/3    22:30   7:27   3:14 
Sam Reinhart             0  0  0   0  2   5  0  0  0  0  0/1    22:33   6:00   0:00 
Scott Mayfield           0  0  0   0  0   2  1  0  0  0  0/0    20:47   5:09   2:14 
Vladislav Gavrikov       0  0  0   0  4   2  3  0  0  0  0/0    22:30   5:09   0:51 

Players Stats for ST. LOUIS Blues

Player Name              G  A  P  +/- PIM S  H  SB GA TA FO     MP     PP MP  PK MP  
------------------------------------------------------------------------------------
Brandon Tanev            0  0  0  -1  4   1  4  0  0  0  1/2    21:58   1:25   0:00 
Calle Jarnkrok           0  0  0   0  0   3  0  0  0  0  11/25  25:28   2:24   8:21 
Colin Miller             0  0  0   0  0   2  3  2  0  0  0/0    18:27   1:22   6:52 
Damon Severson           0  1  1   0  4   3  2  4  0  0  0/0    21:40   2:27   5:44 
Dylan Coghlan            0  0  0  -1  2   0  5  2  0  0  0/0    16:43   0:00   0:00 
Erik Brannstrom          0  0  0   0  0   0  0  0  0  0  0/0     1:44   0:00   0:00 
Erik Gustafsson          0  0  0   0  0   4  1  1  0  0  0/0    22:34   2:27   6:00 
Erik Haula               1  1  2   1  0   5  3  0  0  0  13/24  20:21   1:25   4:00 
Evgeny Kuznetsov         0  0  0  -2  0   1  0  0  0  0  6/10    9:10   2:24   0:15 
Gustav Forsling          1  1  2  -1  0   3  4  5  0  0  0/0    27:07   1:22   5:54 
Jack Roslovic            0  0  0  -2  0   2  0  0  0  0  8/17   14:30   0:00   0:00 
Jonathan Marchessault    0  0  0   0  0   7  0  0  0  0  0/1    24:57   2:24   8:24 
Kevin Labanc             0  0  0   0  2   0  2  0  0  0  0/0     8:54   0:00   0:42 
MacKenzie Entwistle      0  0  0   0  0   0  0  0  0  0  0/0     0:00   0:00   0:00 
Marcus Johansson         0  0  0   0  2   0  1  0  0  0  0/0     7:58   0:00   0:00 
Oliver Bjorkstrand       0  1  1   1  0   2  0  0  0  0  2/2    19:51   1:25   3:30 
Oscar Klefbom            0  0  0   0  2   0  1  1  0  0  0/0    11:41   0:00   0:42 
Robby Fabbri             0  0  0   0  0   2  0  0  0  0  7/20   12:14   0:00   0:00 

3 Stars

1 - Ryan Nugent-Hopkins (ARI)
2 - Erik Haula (STL)
3 - Gustav Forsling (STL)

Power Play

ARIZONA Coyotes - 1 on 7 Attempt(s) - 14,29%
ST. LOUIS Blues - 1 on 3 Attempt(s) - 33,33%

Penalty Kill

ARIZONA Coyotes - 2 on 3 Attempt(s) - 66,67% - Score 0 goal in Penalty Kill
ST. LOUIS Blues - 6 on 7 Attempt(s) - 85,71% - Score 0 goal in Penalty Kill

Team Stat

ARIZONA Coyotes - Hits : 17 - Faceoff Wins : 53 - Blocked Shots : 3 - Penalty Minutes : 8
ST. LOUIS Blues - Hits : 26 - Faceoff Wins : 48 - Blocked Shots : 15 - Penalty Minutes : 16

Official

Referees : Garrett Rank and François St-Laurent
Linesman : C.J. Murray and Travis Toomey

Game Notes

No Game Note

Finance

Level 1 -- Attendance: 7000 (100,00%) -- Ticket Income $665,000
Level 2 -- Attendance: 5000 (100,00%) -- Ticket Income $275,000
Level 3 -- Attendance: 2000 (100,00%) -- Ticket Income $70,000
Level 4 -- Attendance: 4000 (100,00%) -- Ticket Income $80,000
Luxury Box -- Attendance: 1044 (69,60%) -- Ticket Income $177,480
Game was played at the Scottrade Center.
Total Attendance: 19044 (97,66%)
Total Ticket Income: $1,267,480
Other Income: $316,870
Total Income: $1,584,350

ARIZONA Coyotes

5 vs 5 Forward 
   Center                   Left Wing                Right Wing               Time % Phy DF OF 
 1 Auston Matthews          Artemi Panarin           Sam Reinhart             45     1   1  3  
 2 Mark Scheifele           Ryan Nugent-Hopkins      Ryan Hartman             35     1   2  2  
 3 Frederick Gaudreau       Michael Bunting          Rickard Rakell           15     1   3  1  
 4 Brandon Sutter           Nick Bonino              Pierre-Edouard Bellemare 5      1   3  1  

5 vs 5 Defense 
   Defense                  Defense                                           Time % Phy DF OF 
 1 Roman Josi               Vladislav Gavrikov                                43     1   2  2  
 2 Alec Martinez            Scott Mayfield                                    30     1   2  2  
 3 Jonas Siegenthaler       Mikey Anderson                                    25     1   3  1  
 4 Roman Josi               Alec Martinez                                     2      1   2  2  

PowerPlay Forward 
   Center                   Left Wing                Right Wing               Time % Phy DF OF 
 1 Auston Matthews          Artemi Panarin           Sam Reinhart             65     0   1  4  
 2 Mark Scheifele           Rickard Rakell           Ryan Hartman             35     1   1  3  

PowerPlay Defense
   Defense                  Defense                                           Time % Phy DF OF 
 1 Roman Josi               Ryan Nugent-Hopkins                               65     1   1  3  
 2 Scott Mayfield           Vladislav Gavrikov                                35     1   1  3  

Penalty Kill 4 Players Forward 
   Center                   Wing                     Time % Phy DF OF 
 1 Brandon Sutter           Ryan Nugent-Hopkins      65     0   4  1  
 2 Frederick Gaudreau       Nick Bonino              35     1   4  0  

Penalty Kill 4 Players Defense
   Defense                  Defense                  Time % Phy DF OF 
 1 Vladislav Gavrikov       Jonas Siegenthaler       60     1   3  1  
 2 Scott Mayfield           Alec Martinez            40     2   3  0  

Penalty Kill - 3 Players Forward 
   Forward                                           Time % Phy DF OF 
 1 Brandon Sutter                                    60     1   4  0  
 2 Frederick Gaudreau                                40     1   3  1  

Penalty Kill - 3 Players Defense
   Defense                  Defense                  Time % Phy DF OF 
 1 Scott Mayfield           Alec Martinez            60     2   3  0  
 2 Scott Mayfield           Jonas Siegenthaler       40     2   3  0  

4 vs 4 Forward 
   Center                   Wing                     Time % Phy DF OF 
 1 Auston Matthews          Artemi Panarin           60     1   1  3  
 2 Mark Scheifele           Ryan Nugent-Hopkins      40     1   2  2  

4 vs 4 Defense
   Defense                  Defense                  Time % Phy DF OF 
 1 Roman Josi               Scott Mayfield           60     1   2  2  
 2 Alec Martinez            Jonas Siegenthaler       40     1   2  2  

Last Minutes Offensive
   Center                   Left Wing                Right Wing               Defense                  Defense                  
   Auston Matthews          Artemi Panarin           Sam Reinhart             Roman Josi               Ryan Nugent-Hopkins      

Last Minutes Defensive
   Center                   Left Wing                Right Wing               Defense                  Defense                  
   Brandon Sutter           Frederick Gaudreau       Pierre-Edouard Bellemare Vladislav Gavrikov       Alec Martinez            

Goaltenders
Starting : Andrei Vasilevskiy       
Backup : Kevin Lankinen           

Extra Forwards
Normal : Michael Bunting, Artemi Panarin, Frederick Gaudreau - PP : Michael Bunting, Artemi Panarin - PK : Frederick Gaudreau
Extra Defensemen
Normal : Mikey Anderson, Vladislav Gavrikov, Alec Martinez - PP : Mikey Anderson - PK : Vladislav Gavrikov, Alec Martinez
Penalty Shots
Auston Matthews, Ryan Nugent-Hopkins, Mark Scheifele, Sam Reinhart, Rickard Rakell

Scratches
Morgan Frost (Healthy)

ST. LOUIS Blues

5 vs 5 Forward 
   Center                   Left Wing                Right Wing               Time % Phy DF OF 
 1 Robby Fabbri             Jonathan Marchessault    Calle Jarnkrok           35     1   2  2  
 2 Erik Haula               Oliver Bjorkstrand       Brandon Tanev            35     1   2  2  
 3 Evgeny Kuznetsov         Brandon Tanev            Jack Roslovic            20     1   2  2  
 4 Jack Roslovic            Marcus Johansson         Kevin Labanc             10     1   2  2  

5 vs 5 Defense 
   Defense                  Defense                                           Time % Phy DF OF 
 1 Dylan Coghlan            Gustav Forsling                                   40     1   2  2  
 2 Damon Severson           Erik Gustafsson                                   30     1   2  2  
 3 Colin Miller             Oscar Klefbom                                     20     1   2  2  
 4 Erik Brannstrom          Gustav Forsling                                   10     1   2  2  

PowerPlay Forward 
   Center                   Left Wing                Right Wing               Time % Phy DF OF 
 1 Evgeny Kuznetsov         Jonathan Marchessault    Calle Jarnkrok           60     1   2  2  
 2 Erik Haula               Oliver Bjorkstrand       Brandon Tanev            40     1   2  2  

PowerPlay Defense
   Defense                  Defense                                           Time % Phy DF OF 
 1 Colin Miller             Gustav Forsling                                   60     1   2  2  
 2 Damon Severson           Erik Gustafsson                                   40     1   2  2  

Penalty Kill 4 Players Forward 
   Center                   Wing                     Time % Phy DF OF 
 1 Calle Jarnkrok           Jonathan Marchessault    60     1   2  2  
 2 Erik Haula               Oliver Bjorkstrand       40     1   2  2  

Penalty Kill 4 Players Defense
   Defense                  Defense                  Time % Phy DF OF 
 1 Colin Miller             Gustav Forsling          60     1   2  2  
 2 Damon Severson           Erik Gustafsson          40     1   2  2  

Penalty Kill - 3 Players Forward 
   Forward                                           Time % Phy DF OF 
 1 Jonathan Marchessault                             60     1   2  2  
 2 Erik Haula                                        40     1   2  2  

Penalty Kill - 3 Players Defense
   Defense                  Defense                  Time % Phy DF OF 
 1 Dylan Coghlan            Gustav Forsling          60     1   2  2  
 2 Damon Severson           Erik Gustafsson          40     1   2  2  

4 vs 4 Forward 
   Center                   Wing                     Time % Phy DF OF 
 1 Calle Jarnkrok           Jonathan Marchessault    60     1   2  2  
 2 Erik Haula               Oliver Bjorkstrand       40     1   2  2  

4 vs 4 Defense
   Defense                  Defense                  Time % Phy DF OF 
 1 Oscar Klefbom            Gustav Forsling          60     1   2  2  
 2 Damon Severson           Erik Gustafsson          40     1   2  2  

Last Minutes Offensive
   Center                   Left Wing                Right Wing               Defense                  Defense                  
   Robby Fabbri             Jonathan Marchessault    Calle Jarnkrok           Dylan Coghlan            Gustav Forsling          

Last Minutes Defensive
   Center                   Left Wing                Right Wing               Defense                  Defense                  
   Robby Fabbri             Jonathan Marchessault    Calle Jarnkrok           Dylan Coghlan            Gustav Forsling          

Goaltenders
Starting : Marc-Andre Fleury        
Backup : Filip Gustavsson         

Extra Forwards
Normal : Calle Jarnkrok, Evgeny Kuznetsov, Brandon Tanev - PP : Calle Jarnkrok, Evgeny Kuznetsov - PK : Calle Jarnkrok
Extra Defensemen
Normal : Colin Miller, Oscar Klefbom, Erik Brannstrom - PP : Colin Miller - PK : Colin Miller, Oscar Klefbom
Penalty Shots
Brandon Tanev, Jonathan Marchessault, Oliver Bjorkstrand, Erik Haula, Calle Jarnkrok

Scratches
Erik Karlsson (Lower Body Injury), Roope Hintz (Left Hip Injury)

% Time on Ice - ARIZONA Coyotes

Lines # - Real PCT - Wanted PCT - Time Play
Normal Forward
1 - 40% - 45% - 16:34
2 - 28% - 35% - 11:20
3 - 21% - 15% - 8:25
4 - 11% - 5% - 4:41
Normal Defense
1 - 39% - 43% - 15:59
2 - 31% - 30% - 12:36
3 - 28% - 25% - 11:31
4 - 2% - 2% - 0:54
PP Forward
1 - 48% - 65% - 6:00
2 - 52% - 35% - 6:36
PP Defense
1 - 59% - 65% - 7:27
2 - 41% - 35% - 5:09
PK Forward
1 - 86% - 65% - 3:16
2 - 14% - 35% - 0:33
PK Defense
1 - 55% - 60% - 2:07
2 - 45% - 40% - 1:42
PK3 Forward
1 - 0% - 60%
2 - 0% - 40%
PK3 Defense
1 - 0% - 60%
2 - 0% - 40%
44 Forward
1 - 76% - 60% - 1:30
2 - 24% - 40% - 0:29
44 Defense
1 - 40% - 60% - 0:48
2 - 60% - 40% - 1:11
Last Minute Offensive  - 0:00
Last Minute Defensive  - 0:36
Total
Forward - 60:00
Defense - 60:00

% Time on Ice - ST. LOUIS Blues

Lines # - Real PCT - Wanted PCT - Time Play
Normal Forward
1 - 29% - 35% - 12:14
2 - 36% - 35% - 14:52
3 - 16% - 20% - 6:31
4 - 19% - 10% - 7:59
Normal Defense
1 - 40% - 40% - 16:44
2 - 32% - 30% - 13:31
3 - 23% - 20% - 9:37
4 - 4% - 10% - 1:44
PP Forward
1 - 63% - 60% - 2:24
2 - 37% - 40% - 1:25
PP Defense
1 - 36% - 60% - 1:22
2 - 64% - 40% - 2:27
PK Forward
1 - 72% - 60% - 9:06
2 - 28% - 40% - 3:30
PK Defense
1 - 52% - 60% - 6:36
2 - 48% - 40% - 6:00
PK3 Forward
1 - 0% - 60%
2 - 0% - 40%
PK3 Defense
1 - 0% - 60%
2 - 0% - 40%
44 Forward
1 - 97% - 60% - 1:55
2 - 3% - 40% - 0:04
44 Defense
1 - 70% - 60% - 1:23
2 - 30% - 40% - 0:36
Last Minute Offensive  - 0:00
Last Minute Defensive  - 0:00
Total
Forward - 60:00
Defense - 60:00

Play-by-Play

1st period


0:01 of 1st period - Robby Fabbri wins face-off versus Artemi Panarin in neutral zone.
0:15 of 1st period - Jonathan Marchessault is hit by Vladislav Gavrikov.
0:25 of 1st period - Shot by Artemi Panarin.
0:25 of 1st period - Shot Misses the Net.
0:41 of 1st period - Shot by Jonathan Marchessault.
0:41 of 1st period - Stopped by Andrei Vasilevskiy with a rebound.
1:17 of 1st period - Shot by Mark Scheifele.
1:17 of 1st period - Stopped by Marc-Andre Fleury with a rebound.
1:19 of 1st period - Shot by Mark Scheifele.
1:19 of 1st period - Shot Misses the Net.
1:29 of 1st period - Shot by Ryan Hartman.
1:29 of 1st period - Shot Blocked by Damon Severson.
2:01 of 1st period - Shot by Kevin Labanc.
2:01 of 1st period - Deflect By Jack Roslovic.
2:01 of 1st period - Shot Misses the Net.
2:56 of 1st period - Minor Penalty to Sam Reinhart for Kneeing.
2:57 of 1st period - Brandon Sutter wins face-off versus Evgeny Kuznetsov in ARIZONA Coyotes zone.
3:30 of 1st period - Shot by Jonathan Marchessault.
3:30 of 1st period - Shot Misses the Net.
3:45 of 1st period - Icing by Erik Haula.
3:46 of 1st period - Erik Haula wins face-off versus Brandon Sutter in ST. LOUIS Blues zone.
3:55 of 1st period - Shot by Oliver Bjorkstrand.
3:55 of 1st period - Shot Misses the Net.
4:05 of 1st period - Shot by Ryan Nugent-Hopkins.
4:05 of 1st period - Deflect By Brandon Sutter.
4:05 of 1st period - Stopped by Marc-Andre Fleury without a rebound.
4:06 of 1st period - Evgeny Kuznetsov wins face-off versus Frederick Gaudreau in ST. LOUIS Blues zone.
5:04 of 1st period - Erik Haula is hit by Roman Josi and loses puck.
5:10 of 1st period - Off-side.
5:11 of 1st period - Auston Matthews wins face-off versus Jack Roslovic in neutral zone.
5:11 of 1st period - Sam Reinhart is hit by Marcus Johansson and loses puck.
5:15 of 1st period - Minor Penalty to Oscar Klefbom for Holding.
5:16 of 1st period - Auston Matthews wins face-off versus Calle Jarnkrok in ST. LOUIS Blues zone.
5:21 of 1st period - Shot by Auston Matthews.
5:21 of 1st period - Shot Misses the Net.
5:23 of 1st period - Shot by Ryan Nugent-Hopkins.
5:23 of 1st period - Stopped by Marc-Andre Fleury without a rebound.
5:24 of 1st period - Auston Matthews wins face-off versus Calle Jarnkrok in ST. LOUIS Blues zone.
5:24 of 1st period - Auston Matthews is hit by Colin Miller.
5:34 of 1st period - Shot by Scott Mayfield.
5:34 of 1st period - Shot Misses the Net.
5:40 of 1st period - Shot by Sam Reinhart.
5:40 of 1st period - Stopped by Marc-Andre Fleury with a rebound.
6:08 of 1st period - Shot by Vladislav Gavrikov.
6:08 of 1st period - Stopped by Marc-Andre Fleury without a rebound.
6:09 of 1st period - Ryan Hartman wins face-off versus Calle Jarnkrok in ST. LOUIS Blues zone.
6:18 of 1st period - Shot by Roman Josi.
6:18 of 1st period - Stopped by Marc-Andre Fleury without a rebound.
6:19 of 1st period - Erik Haula wins face-off versus Mark Scheifele in ST. LOUIS Blues zone.
6:19 of 1st period - Gustav Forsling is hit by Rickard Rakell and loses puck.
6:28 of 1st period - Shot by Rickard Rakell.
6:28 of 1st period - Shot Misses the Net.
6:30 of 1st period - Shot by Ryan Nugent-Hopkins.
6:30 of 1st period - Stopped by Marc-Andre Fleury without a rebound.
6:31 of 1st period - Mark Scheifele wins face-off versus Calle Jarnkrok in ST. LOUIS Blues zone.
6:56 of 1st period - Icing by Mark Scheifele.
6:57 of 1st period - Erik Haula wins face-off versus Ryan Hartman in ARIZONA Coyotes zone.
7:51 of 1st period - Shot by Brandon Tanev.
7:51 of 1st period - Shot Misses the Net.
8:06 of 1st period - Icing by Gustav Forsling.
8:07 of 1st period - Evgeny Kuznetsov wins face-off versus Brandon Sutter in ST. LOUIS Blues zone.
9:07 of 1st period - Icing by Evgeny Kuznetsov.
9:08 of 1st period - Mark Scheifele wins face-off versus Jack Roslovic in ST. LOUIS Blues zone.
9:20 of 1st period - Icing by Gustav Forsling.
9:21 of 1st period - Evgeny Kuznetsov wins face-off versus Artemi Panarin in ST. LOUIS Blues zone.
9:35 of 1st period - Mikey Anderson is hit by Damon Severson.
9:44 of 1st period - Shot by Robby Fabbri.
9:44 of 1st period - Stopped by Andrei Vasilevskiy without a rebound.
9:45 of 1st period - Robby Fabbri wins face-off versus Mark Scheifele in ARIZONA Coyotes zone.
9:48 of 1st period - Shot by Calle Jarnkrok.
9:48 of 1st period - Deflect By Jonathan Marchessault.
9:48 of 1st period - Stopped by Andrei Vasilevskiy without a rebound.
9:49 of 1st period - Robby Fabbri wins face-off versus Ryan Nugent-Hopkins in ARIZONA Coyotes zone.
10:11 of 1st period - Ryan Nugent-Hopkins is hit by Damon Severson and loses puck.
11:49 of 1st period - Calle Jarnkrok is hit by Mikey Anderson and loses puck.
12:03 of 1st period - Marcus Johansson is hit by Mikey Anderson and loses puck.
12:24 of 1st period - Frederick Gaudreau is hit by Brandon Tanev and loses puck.
12:31 of 1st period - Mikey Anderson is hit by Erik Haula and loses puck.
12:38 of 1st period - Erik Haula is hit by Michael Bunting.
12:52 of 1st period - Rickard Rakell is hit by Brandon Tanev.
13:03 of 1st period - Off-side.
13:04 of 1st period - Robby Fabbri wins face-off versus Auston Matthews in neutral zone.
13:07 of 1st period - Shot by Colin Miller.
13:07 of 1st period - Stopped by Andrei Vasilevskiy without a rebound.
13:08 of 1st period - Auston Matthews wins face-off versus Jack Roslovic in ARIZONA Coyotes zone.
13:35 of 1st period - Shot by Auston Matthews.
13:35 of 1st period - Stopped by Marc-Andre Fleury without a rebound.
13:36 of 1st period - Mark Scheifele wins face-off versus Robby Fabbri in ST. LOUIS Blues zone.
13:36 of 1st period - Ryan Nugent-Hopkins is hit by Gustav Forsling.
13:52 of 1st period - Shot by Ryan Nugent-Hopkins.
13:52 of 1st period - Stopped by Marc-Andre Fleury without a rebound.
13:53 of 1st period - Jack Roslovic wins face-off versus Auston Matthews in ST. LOUIS Blues zone.
13:55 of 1st period - Icing by Oscar Klefbom.
13:56 of 1st period - Mark Scheifele wins face-off versus Jack Roslovic in ST. LOUIS Blues zone.
14:32 of 1st period - Shot by Ryan Nugent-Hopkins.
14:32 of 1st period - Shot Misses the Net.
14:34 of 1st period - Shot by Ryan Nugent-Hopkins.
14:34 of 1st period - Shot Misses the Net.
15:16 of 1st period - Shot by Artemi Panarin.
15:16 of 1st period - Shot Blocked by Dylan Coghlan.
15:26 of 1st period - Shot by Auston Matthews.
15:26 of 1st period - Stopped by Marc-Andre Fleury with a rebound.
16:18 of 1st period - Brandon Sutter is hit by Erik Gustafsson and loses puck.
16:28 of 1st period - Minor Penalty to Brandon Tanev for Slashing.
16:29 of 1st period - Calle Jarnkrok wins face-off versus Mark Scheifele in ST. LOUIS Blues zone.
17:04 of 1st period - Shot by Mark Scheifele.
17:04 of 1st period - Shot Misses the Net.
18:08 of 1st period - Oscar Klefbom is hit by Ryan Hartman and loses puck.
18:32 of 1st period - Icing by Jonas Siegenthaler.
18:33 of 1st period - Brandon Tanev wins face-off versus Brandon Sutter in ARIZONA Coyotes zone.
18:48 of 1st period - Jonas Siegenthaler is hit by Brandon Tanev and loses puck.
19:48 of 1st period - Shot by Jonathan Marchessault.
19:48 of 1st period - Stopped by Andrei Vasilevskiy without a rebound.
19:49 of 1st period - Auston Matthews wins face-off versus Jack Roslovic in ARIZONA Coyotes zone.
19:59 of 1st period - Auston Matthews is hit by Oscar Klefbom and loses puck.
Goals for this period are 0 for ARIZONA Coyotes vs 0 for ST. LOUIS Blues.
Shots for this period are 10 for ARIZONA Coyotes vs 5 for ST. LOUIS Blues.

2nd period


0:01 of 2nd period - Oliver Bjorkstrand wins face-off versus Mark Scheifele in neutral zone.
0:17 of 2nd period - Shot by Mark Scheifele.
0:17 of 2nd period - Stopped by Marc-Andre Fleury without a rebound.
0:18 of 2nd period - Auston Matthews wins face-off versus Robby Fabbri in ST. LOUIS Blues zone.
0:21 of 2nd period - Shot by Artemi Panarin.
0:21 of 2nd period - Shot Misses the Net.
0:29 of 2nd period - Shot by Auston Matthews.
0:29 of 2nd period - Stopped by Marc-Andre Fleury without a rebound.
0:30 of 2nd period - Erik Haula wins face-off versus Mark Scheifele in ST. LOUIS Blues zone.
0:47 of 2nd period - Shot by Erik Haula.
0:47 of 2nd period - Shot Hit the Post.
1:02 of 2nd period - Ryan Hartman is hit by Gustav Forsling.
1:49 of 2nd period - Shot by Calle Jarnkrok.
1:49 of 2nd period - Shot Misses the Net.
1:51 of 2nd period - Shot by Robby Fabbri.
1:51 of 2nd period - Shot Misses the Net.
2:03 of 2nd period - Shot by Robby Fabbri.
2:03 of 2nd period - Shot Misses the Net.
2:05 of 2nd period - Shot by Calle Jarnkrok.
2:05 of 2nd period - Shot Misses the Net.
2:07 of 2nd period - Shot by Jonathan Marchessault.
2:07 of 2nd period - Deflect By Calle Jarnkrok.
2:07 of 2nd period - Stopped by Andrei Vasilevskiy without a rebound.
2:08 of 2nd period - Frederick Gaudreau wins face-off versus Jack Roslovic in ARIZONA Coyotes zone.
2:08 of 2nd period - Frederick Gaudreau is hit by Kevin Labanc.
2:30 of 2nd period - Shot by Marcus Johansson.
2:30 of 2nd period - Deflect By Jack Roslovic.
2:30 of 2nd period - Shot Misses the Net.
2:32 of 2nd period - Shot by Jack Roslovic.
2:32 of 2nd period - Stopped by Andrei Vasilevskiy without a rebound.
2:33 of 2nd period - Mark Scheifele wins face-off versus Erik Haula in ARIZONA Coyotes zone.
2:46 of 2nd period - Off-side.
2:47 of 2nd period - Auston Matthews wins face-off versus Robby Fabbri in neutral zone.
2:57 of 2nd period - Calle Jarnkrok is hit by Mikey Anderson and loses puck.
3:24 of 2nd period - Shot by Auston Matthews.
3:24 of 2nd period - Shot Misses the Net.
4:22 of 2nd period - Shot by Erik Haula.
4:22 of 2nd period - Stopped by Andrei Vasilevskiy without a rebound.
4:23 of 2nd period - Jack Roslovic wins face-off versus Frederick Gaudreau in ARIZONA Coyotes zone.
4:52 of 2nd period - Shot by Jack Roslovic.
4:52 of 2nd period - Stopped by Andrei Vasilevskiy without a rebound.
4:53 of 2nd period - Erik Haula wins face-off versus Sam Reinhart in ARIZONA Coyotes zone.
5:04 of 2nd period - Shot by Artemi Panarin.
5:04 of 2nd period - Stopped by Marc-Andre Fleury with a rebound.
5:06 of 2nd period - Shot by Sam Reinhart.
5:06 of 2nd period - Stopped by Marc-Andre Fleury without a rebound.
5:07 of 2nd period - Calle Jarnkrok wins face-off versus Mark Scheifele in ST. LOUIS Blues zone.
5:07 of 2nd period - Jonathan Marchessault is hit by Ryan Nugent-Hopkins.
5:18 of 2nd period - Shot by Jonathan Marchessault.
5:18 of 2nd period - Stopped by Andrei Vasilevskiy with a rebound.
5:43 of 2nd period - Shot by Robby Fabbri.
5:43 of 2nd period - Stopped by Andrei Vasilevskiy without a rebound.
5:44 of 2nd period - Oliver Bjorkstrand wins face-off versus Auston Matthews in ARIZONA Coyotes zone.
5:58 of 2nd period - Icing by Auston Matthews.
5:59 of 2nd period - Auston Matthews wins face-off versus Jack Roslovic in ARIZONA Coyotes zone.
6:12 of 2nd period - Shot by Auston Matthews.
6:12 of 2nd period - Shot Misses the Net.
7:06 of 2nd period - Minor Penalty to Vladislav Gavrikov for Roughing.
7:07 of 2nd period - Evgeny Kuznetsov wins face-off versus Brandon Sutter in ARIZONA Coyotes zone.
7:18 of 2nd period - Shot by Evgeny Kuznetsov.
7:18 of 2nd period - Deflect By Jonathan Marchessault.
7:18 of 2nd period - Stopped by Andrei Vasilevskiy with a rebound.
7:42 of 2nd period - Shot by Damon Severson.
7:42 of 2nd period - Stopped by Andrei Vasilevskiy without a rebound.
7:43 of 2nd period - Brandon Sutter wins face-off versus Erik Haula in ARIZONA Coyotes zone.
8:02 of 2nd period - Shot by Colin Miller.
8:02 of 2nd period - Stopped by Andrei Vasilevskiy without a rebound.
8:03 of 2nd period - Brandon Sutter wins face-off versus Evgeny Kuznetsov in ARIZONA Coyotes zone.
8:20 of 2nd period - Shot by Erik Gustafsson.
8:20 of 2nd period - Stopped by Andrei Vasilevskiy without a rebound.
8:21 of 2nd period - Erik Haula wins face-off versus Frederick Gaudreau in ARIZONA Coyotes zone.
8:32 of 2nd period - Shot by Gustav Forsling.
8:32 of 2nd period - Goal by Gustav Forsling - ARIZONA Coyotes : 0 - ST. LOUIS Blues : 1.
8:33 of 2nd period - Auston Matthews wins face-off versus Robby Fabbri in neutral zone.
8:42 of 2nd period - Shot by Sam Reinhart.
8:42 of 2nd period - Deflect By Auston Matthews.
8:42 of 2nd period - Shot Misses the Net.
8:50 of 2nd period - Dylan Coghlan is hit by Vladislav Gavrikov.
8:52 of 2nd period - Shot by Calle Jarnkrok.
8:52 of 2nd period - Stopped by Andrei Vasilevskiy without a rebound.
8:53 of 2nd period - Erik Haula wins face-off versus Rickard Rakell in ARIZONA Coyotes zone.
8:53 of 2nd period - Erik Gustafsson is hit by Scott Mayfield and loses puck.
9:00 of 2nd period - Shot by Oliver Bjorkstrand.
9:00 of 2nd period - Stopped by Andrei Vasilevskiy with a rebound.
9:02 of 2nd period - Shot by Erik Gustafsson.
9:02 of 2nd period - Stopped by Andrei Vasilevskiy with a rebound.
9:04 of 2nd period - Shot by Damon Severson.
9:04 of 2nd period - Stopped by Andrei Vasilevskiy without a rebound.
9:05 of 2nd period - Robby Fabbri wins face-off versus Auston Matthews in ARIZONA Coyotes zone.
9:43 of 2nd period - Shot by Jonathan Marchessault.
9:43 of 2nd period - Deflect By Robby Fabbri.
9:43 of 2nd period - Shot Blocked by Roman Josi.
10:21 of 2nd period - Shot by Erik Haula.
10:21 of 2nd period - Stopped by Andrei Vasilevskiy without a rebound.
10:22 of 2nd period - Ryan Hartman wins face-off versus Jack Roslovic in ARIZONA Coyotes zone.
10:24 of 2nd period - Ryan Nugent-Hopkins is hit by Kevin Labanc.
10:25 of 2nd period - Minor Penalty to Kevin Labanc for High sticking.
10:26 of 2nd period - Calle Jarnkrok wins face-off versus Mark Scheifele in ST. LOUIS Blues zone.
11:08 of 2nd period - Shot by Ryan Nugent-Hopkins.
11:08 of 2nd period - Stopped by Marc-Andre Fleury without a rebound.
11:09 of 2nd period - Auston Matthews wins face-off versus Erik Haula in ST. LOUIS Blues zone.
11:09 of 2nd period - Artemi Panarin is hit by Colin Miller and loses puck.
11:25 of 2nd period - Icing by Scott Mayfield.
11:26 of 2nd period - Auston Matthews wins face-off versus Calle Jarnkrok in ARIZONA Coyotes zone.
12:33 of 2nd period - Shot by Nick Bonino.
12:33 of 2nd period - Goal by Nick Bonino - ARIZONA Coyotes : 1 - ST. LOUIS Blues : 1.
12:34 of 2nd period - Erik Haula wins face-off versus Brandon Sutter in neutral zone.
12:59 of 2nd period - Erik Haula is hit by Nick Bonino and loses puck.
13:28 of 2nd period - Shot by Sam Reinhart.
13:28 of 2nd period - Shot Misses the Net.
13:30 of 2nd period - Shot by Auston Matthews.
13:30 of 2nd period - Deflect By Sam Reinhart.
13:30 of 2nd period - Stopped by Marc-Andre Fleury without a rebound.
13:31 of 2nd period - Jack Roslovic wins face-off versus Mark Scheifele in ST. LOUIS Blues zone.
13:51 of 2nd period - Icing by Erik Gustafsson.
13:52 of 2nd period - Jack Roslovic wins face-off versus Auston Matthews in ST. LOUIS Blues zone.
14:13 of 2nd period - Erik Gustafsson is hit by Auston Matthews and loses puck.
15:02 of 2nd period - Off-side.
15:03 of 2nd period - Frederick Gaudreau wins face-off versus Robby Fabbri in neutral zone.
15:17 of 2nd period - Shot by Rickard Rakell.
15:17 of 2nd period - Shot Misses the Net.
15:19 of 2nd period - Shot by Scott Mayfield.
15:19 of 2nd period - Shot Misses the Net.
15:21 of 2nd period - Shot by Scott Mayfield.
15:21 of 2nd period - Stopped by Marc-Andre Fleury with a rebound.
15:31 of 2nd period - Frederick Gaudreau is hit by Colin Miller and loses puck.
15:38 of 2nd period - Shot by Michael Bunting.
15:38 of 2nd period - Stopped by Marc-Andre Fleury without a rebound.
15:39 of 2nd period - Mark Scheifele wins face-off versus Erik Haula in ST. LOUIS Blues zone.
15:39 of 2nd period - Ryan Nugent-Hopkins is hit by Gustav Forsling and loses puck.
16:00 of 2nd period - Shot by Ryan Nugent-Hopkins.
16:00 of 2nd period - Shot Misses the Net.
16:16 of 2nd period - Shot by Roman Josi.
16:16 of 2nd period - Shot Misses the Net.
16:23 of 2nd period - Ryan Hartman is hit by Gustav Forsling and loses puck.
16:51 of 2nd period - Jonathan Marchessault is hit by Mikey Anderson and loses puck.
17:10 of 2nd period - Shot by Jonathan Marchessault.
17:10 of 2nd period - Stopped by Andrei Vasilevskiy without a rebound.
17:11 of 2nd period - Jack Roslovic wins face-off versus Frederick Gaudreau in ARIZONA Coyotes zone.
17:22 of 2nd period - Icing by Alec Martinez.
17:23 of 2nd period - Frederick Gaudreau wins face-off versus Jack Roslovic in ARIZONA Coyotes zone.
18:30 of 2nd period - Off-side.
18:31 of 2nd period - Auston Matthews wins face-off versus Robby Fabbri in neutral zone.
19:15 of 2nd period - Shot by Calle Jarnkrok.
19:15 of 2nd period - Shot Blocked by Mikey Anderson.
19:57 of 2nd period - Shot by Brandon Tanev.
19:57 of 2nd period - Deflect By Erik Haula.
19:57 of 2nd period - Stopped by Andrei Vasilevskiy without a rebound.
19:58 of 2nd period - Jack Roslovic wins face-off versus Frederick Gaudreau in ARIZONA Coyotes zone.
Goals for this period are 1 for ARIZONA Coyotes vs 1 for ST. LOUIS Blues.
Shots for this period are 9 for ARIZONA Coyotes vs 18 for ST. LOUIS Blues.

3rd period


0:01 of 3rd period - Jack Roslovic wins face-off versus Mark Scheifele in neutral zone.
0:11 of 3rd period - Shot by Ryan Nugent-Hopkins.
0:11 of 3rd period - Goal by Ryan Nugent-Hopkins - ARIZONA Coyotes : 2 - ST. LOUIS Blues : 1.
0:12 of 3rd period - Robby Fabbri wins face-off versus Auston Matthews in neutral zone.
0:14 of 3rd period - Off-side.
0:15 of 3rd period - Mark Scheifele wins face-off versus Evgeny Kuznetsov in neutral zone.
0:32 of 3rd period - Shot by Jack Roslovic.
0:32 of 3rd period - Shot Misses the Net.
0:34 of 3rd period - Shot by Gustav Forsling.
0:34 of 3rd period - Stopped by Andrei Vasilevskiy with a rebound.
0:40 of 3rd period - Shot by Evgeny Kuznetsov.
0:40 of 3rd period - Stopped by Andrei Vasilevskiy without a rebound.
0:41 of 3rd period - Auston Matthews wins face-off versus Jonathan Marchessault in ARIZONA Coyotes zone.
0:52 of 3rd period - Shot by Jonathan Marchessault.
0:52 of 3rd period - Stopped by Andrei Vasilevskiy without a rebound.
0:53 of 3rd period - Erik Haula wins face-off versus Mark Scheifele in ARIZONA Coyotes zone.
0:56 of 3rd period - Shot by Oliver Bjorkstrand.
0:56 of 3rd period - Stopped by Andrei Vasilevskiy without a rebound.
0:57 of 3rd period - Mark Scheifele wins face-off versus Erik Haula in ARIZONA Coyotes zone.
1:03 of 3rd period - Off-side.
1:04 of 3rd period - Mark Scheifele wins face-off versus Erik Haula in neutral zone.
1:04 of 3rd period - Roman Josi is hit by Brandon Tanev and loses puck.
1:09 of 3rd period - Shot by Erik Haula.
1:09 of 3rd period - Shot Misses the Net.
1:11 of 3rd period - Shot by Erik Haula.
1:11 of 3rd period - Shot Misses the Net.
1:13 of 3rd period - Shot by Gustav Forsling.
1:13 of 3rd period - Stopped by Andrei Vasilevskiy without a rebound.
1:14 of 3rd period - Auston Matthews wins face-off versus Robby Fabbri in ARIZONA Coyotes zone.
1:16 of 3rd period - Icing by Roman Josi.
1:17 of 3rd period - Auston Matthews wins face-off versus Robby Fabbri in ARIZONA Coyotes zone.
1:32 of 3rd period - Shot by Sam Reinhart.
1:32 of 3rd period - Stopped by Marc-Andre Fleury without a rebound.
1:33 of 3rd period - Mark Scheifele wins face-off versus Erik Haula in ST. LOUIS Blues zone.
1:55 of 3rd period - Shot by Ryan Hartman.
1:55 of 3rd period - Stopped by Marc-Andre Fleury without a rebound.
1:56 of 3rd period - Auston Matthews wins face-off versus Robby Fabbri in ST. LOUIS Blues zone.
1:56 of 3rd period - Auston Matthews is hit by Dylan Coghlan.
1:59 of 3rd period - Sam Reinhart is hit by Dylan Coghlan and loses puck.
2:08 of 3rd period - Shot by Calle Jarnkrok.
2:08 of 3rd period - Stopped by Andrei Vasilevskiy without a rebound.
2:09 of 3rd period - Evgeny Kuznetsov wins face-off versus Mark Scheifele in ARIZONA Coyotes zone.
2:27 of 3rd period - Minor Penalty to Brandon Tanev for Slashing.
2:28 of 3rd period - Auston Matthews wins face-off versus Calle Jarnkrok in ST. LOUIS Blues zone.
2:33 of 3rd period - Shot by Sam Reinhart.
2:33 of 3rd period - Shot Misses the Net.
2:35 of 3rd period - Shot by Roman Josi.
2:35 of 3rd period - Stopped by Marc-Andre Fleury with a rebound.
2:37 of 3rd period - Shot by Roman Josi.
2:37 of 3rd period - Shot Blocked by Gustav Forsling.
2:39 of 3rd period - Shot by Ryan Nugent-Hopkins.
2:39 of 3rd period - Shot Misses the Net.
2:41 of 3rd period - Shot by Ryan Nugent-Hopkins.
2:41 of 3rd period - Shot Blocked by Gustav Forsling.
2:43 of 3rd period - Shot by Auston Matthews.
2:43 of 3rd period - Shot Blocked by Gustav Forsling.
3:15 of 3rd period - Shot by Oliver Bjorkstrand.
3:15 of 3rd period - Shot Misses the Net.
3:34 of 3rd period - Icing by Mark Scheifele.
3:35 of 3rd period - Mark Scheifele wins face-off versus Calle Jarnkrok in ARIZONA Coyotes zone.
3:44 of 3rd period - Shot by Scott Mayfield.
3:44 of 3rd period - Shot Misses the Net.
3:46 of 3rd period - Shot by Vladislav Gavrikov.
3:46 of 3rd period - Shot Blocked by Colin Miller.
4:08 of 3rd period - Shot by Mark Scheifele.
4:08 of 3rd period - Shot Misses the Net.
4:10 of 3rd period - Shot by Vladislav Gavrikov.
4:10 of 3rd period - Shot Blocked by Damon Severson.
4:12 of 3rd period - Shot by Mark Scheifele.
4:12 of 3rd period - Shot Misses the Net.
4:14 of 3rd period - Shot by Scott Mayfield.
4:14 of 3rd period - Shot Misses the Net.
4:16 of 3rd period - Shot by Vladislav Gavrikov.
4:16 of 3rd period - Shot Blocked by Erik Gustafsson.
4:18 of 3rd period - Shot by Ryan Hartman.
4:18 of 3rd period - Shot Blocked by Damon Severson.
5:03 of 3rd period - Off-side.
5:04 of 3rd period - Auston Matthews wins face-off versus Erik Haula in neutral zone.
5:13 of 3rd period - Shot by Sam Reinhart.
5:13 of 3rd period - Stopped by Marc-Andre Fleury with a rebound.
6:02 of 3rd period - Mikey Anderson is hit by Erik Haula and loses puck.
6:09 of 3rd period - Shot by Ryan Hartman.
6:09 of 3rd period - Deflect By Mark Scheifele.
6:09 of 3rd period - Stopped by Marc-Andre Fleury without a rebound.
6:10 of 3rd period - Michael Bunting wins face-off versus Robby Fabbri in ST. LOUIS Blues zone.
6:12 of 3rd period - Frederick Gaudreau is hit by Dylan Coghlan and loses puck.
6:20 of 3rd period - Icing by Jonathan Marchessault.
6:21 of 3rd period - Mark Scheifele wins face-off versus Robby Fabbri in ST. LOUIS Blues zone.
6:25 of 3rd period - Icing by Dylan Coghlan.
6:26 of 3rd period - Mark Scheifele wins face-off versus Robby Fabbri in ST. LOUIS Blues zone.
6:26 of 3rd period - Minor Penalty to Dylan Coghlan for Roughing.
6:27 of 3rd period - Calle Jarnkrok wins face-off versus Auston Matthews in ST. LOUIS Blues zone.
6:34 of 3rd period - Shot by Roman Josi.
6:34 of 3rd period - Shot Misses the Net.
6:42 of 3rd period - Shot by Ryan Nugent-Hopkins.
6:42 of 3rd period - Deflect By Auston Matthews.
6:42 of 3rd period - Stopped by Marc-Andre Fleury without a rebound.
6:43 of 3rd period - Calle Jarnkrok wins face-off versus Mark Scheifele in ST. LOUIS Blues zone.
7:06 of 3rd period - Shot by Jonathan Marchessault.
7:06 of 3rd period - Shot Misses the Net.
7:12 of 3rd period - Shot by Scott Mayfield.
7:12 of 3rd period - Shot Blocked by Colin Miller.
7:14 of 3rd period - Shot by Scott Mayfield.
7:14 of 3rd period - Stopped by Marc-Andre Fleury with a rebound.
7:18 of 3rd period - Shot by Scott Mayfield.
7:18 of 3rd period - Shot Misses the Net.
7:20 of 3rd period - Shot by Mark Scheifele.
7:20 of 3rd period - Deflect By Rickard Rakell.
7:20 of 3rd period - Stopped by Marc-Andre Fleury with a rebound.
7:46 of 3rd period - Shot by Auston Matthews.
7:46 of 3rd period - Stopped by Marc-Andre Fleury with a rebound.
7:48 of 3rd period - Shot by Ryan Nugent-Hopkins.
7:48 of 3rd period - Stopped by Marc-Andre Fleury without a rebound.
7:49 of 3rd period - Erik Haula wins face-off versus Auston Matthews in ST. LOUIS Blues zone.
8:16 of 3rd period - Shot by Auston Matthews.
8:16 of 3rd period - Deflect By Artemi Panarin.
8:16 of 3rd period - Stopped by Marc-Andre Fleury without a rebound.
8:17 of 3rd period - Mark Scheifele wins face-off versus Calle Jarnkrok in ST. LOUIS Blues zone.
8:40 of 3rd period - Shot by Brandon Tanev.
8:40 of 3rd period - Stopped by Andrei Vasilevskiy without a rebound.
8:41 of 3rd period - Erik Haula wins face-off versus Frederick Gaudreau in ARIZONA Coyotes zone.
9:07 of 3rd period - Minor Penalty to Damon Severson for Holding.
9:07 of 3rd period - Minor Penalty to Michael Bunting for High sticking.
9:08 of 3rd period - Auston Matthews wins face-off versus Calle Jarnkrok in ST. LOUIS Blues zone.
9:17 of 3rd period - Shot by Auston Matthews.
9:17 of 3rd period - Stopped by Marc-Andre Fleury without a rebound.
9:18 of 3rd period - Calle Jarnkrok wins face-off versus Auston Matthews in ST. LOUIS Blues zone.
9:31 of 3rd period - Shot by Jonathan Marchessault.
9:31 of 3rd period - Shot Misses the Net.
9:43 of 3rd period - Shot by Auston Matthews.
9:43 of 3rd period - Deflect By Artemi Panarin.
9:43 of 3rd period - Stopped by Marc-Andre Fleury without a rebound.
9:44 of 3rd period - Calle Jarnkrok wins face-off versus Auston Matthews in ST. LOUIS Blues zone.
9:57 of 3rd period - Shot by Calle Jarnkrok.
9:57 of 3rd period - Shot Blocked by Alec Martinez.
10:17 of 3rd period - Shot by Auston Matthews.
10:17 of 3rd period - Stopped by Marc-Andre Fleury with a rebound.
10:19 of 3rd period - Shot by Alec Martinez.
10:19 of 3rd period - Stopped by Marc-Andre Fleury without a rebound.
10:20 of 3rd period - Ryan Nugent-Hopkins wins face-off versus Erik Haula in ST. LOUIS Blues zone.
10:23 of 3rd period - Shot by Ryan Nugent-Hopkins.
10:23 of 3rd period - Stopped by Marc-Andre Fleury without a rebound.
10:24 of 3rd period - Calle Jarnkrok wins face-off versus Auston Matthews in ST. LOUIS Blues zone.
10:24 of 3rd period - Calle Jarnkrok is hit by Artemi Panarin.
10:41 of 3rd period - Icing by Oscar Klefbom.
10:42 of 3rd period - Calle Jarnkrok wins face-off versus Ryan Nugent-Hopkins in ST. LOUIS Blues zone.
11:09 of 3rd period - Erik Haula is hit by Vladislav Gavrikov and loses puck.
11:14 of 3rd period - Shot by Erik Haula.
11:14 of 3rd period - Goal by Erik Haula - ARIZONA Coyotes : 2 - ST. LOUIS Blues : 2.
11:15 of 3rd period - Frederick Gaudreau wins face-off versus Erik Haula in neutral zone.
11:36 of 3rd period - Minor Penalty to Damon Severson for Tripping.
11:37 of 3rd period - Auston Matthews wins face-off versus Calle Jarnkrok in ST. LOUIS Blues zone.
11:48 of 3rd period - Shot by Roman Josi.
11:48 of 3rd period - Stopped by Marc-Andre Fleury without a rebound.
11:49 of 3rd period - Erik Haula wins face-off versus Auston Matthews in ST. LOUIS Blues zone.
11:58 of 3rd period - Shot by Vladislav Gavrikov.
11:58 of 3rd period - Shot Misses the Net.
12:12 of 3rd period - Shot by Auston Matthews.
12:12 of 3rd period - Stopped by Marc-Andre Fleury without a rebound.
12:13 of 3rd period - Mark Scheifele wins face-off versus Calle Jarnkrok in ST. LOUIS Blues zone.
12:14 of 3rd period - Shot by Ryan Nugent-Hopkins.
12:14 of 3rd period - Shot Misses the Net.
12:16 of 3rd period - Shot by Ryan Hartman.
12:16 of 3rd period - Shot Misses the Net.
12:18 of 3rd period - Shot by Ryan Nugent-Hopkins.
12:18 of 3rd period - Goal by Ryan Nugent-Hopkins - ARIZONA Coyotes : 3 - ST. LOUIS Blues : 2.
12:19 of 3rd period - Mark Scheifele wins face-off versus Erik Haula in neutral zone.
12:35 of 3rd period - Shot by Erik Haula.
12:35 of 3rd period - Shot Misses the Net.
13:32 of 3rd period - Sam Reinhart is hit by Dylan Coghlan.
13:34 of 3rd period - Shot by Artemi Panarin.
13:34 of 3rd period - Shot Blocked by Gustav Forsling.
13:38 of 3rd period - Shot by Auston Matthews.
13:38 of 3rd period - Shot Blocked by Dylan Coghlan.
13:42 of 3rd period - Shot by Artemi Panarin.
13:42 of 3rd period - Shot Blocked by Gustav Forsling.
14:22 of 3rd period - Frederick Gaudreau is hit by Dylan Coghlan and loses puck.
14:33 of 3rd period - Frederick Gaudreau is hit by Erik Haula and loses puck.
14:52 of 3rd period - Shot by Damon Severson.
14:52 of 3rd period - Stopped by Andrei Vasilevskiy with a rebound.
14:54 of 3rd period - Shot by Erik Gustafsson.
14:54 of 3rd period - Stopped by Andrei Vasilevskiy without a rebound.
14:55 of 3rd period - Jack Roslovic wins face-off versus Mark Scheifele in ARIZONA Coyotes zone.
14:59 of 3rd period - Minor Penalty to Marcus Johansson for Interference.
15:00 of 3rd period - Calle Jarnkrok wins face-off versus Auston Matthews in ST. LOUIS Blues zone.
15:17 of 3rd period - Shot by Roman Josi.
15:17 of 3rd period - Stopped by Marc-Andre Fleury without a rebound.
15:18 of 3rd period - Mark Scheifele wins face-off versus Calle Jarnkrok in ST. LOUIS Blues zone.
15:44 of 3rd period - Shot by Vladislav Gavrikov.
15:44 of 3rd period - Shot Blocked by Damon Severson.
15:46 of 3rd period - Shot by Vladislav Gavrikov.
15:46 of 3rd period - Deflect By Ryan Hartman.
15:46 of 3rd period - Shot Misses the Net.
15:48 of 3rd period - Shot by Vladislav Gavrikov.
15:48 of 3rd period - Stopped by Marc-Andre Fleury with a rebound.
15:52 of 3rd period - Shot by Vladislav Gavrikov.
15:52 of 3rd period - Deflect By Ryan Hartman.
15:52 of 3rd period - Shot Misses the Net.
15:54 of 3rd period - Shot by Vladislav Gavrikov.
15:54 of 3rd period - Shot Misses the Net.
16:14 of 3rd period - Shot by Artemi Panarin.
16:14 of 3rd period - Deflect By Auston Matthews.
16:14 of 3rd period - Shot Blocked by Oscar Klefbom.
16:21 of 3rd period - Icing by Ryan Nugent-Hopkins.
16:22 of 3rd period - Auston Matthews wins face-off versus Calle Jarnkrok in ARIZONA Coyotes zone.
16:31 of 3rd period - Shot by Auston Matthews.
16:31 of 3rd period - Stopped by Marc-Andre Fleury without a rebound.
16:32 of 3rd period - Calle Jarnkrok wins face-off versus Auston Matthews in ST. LOUIS Blues zone.
16:38 of 3rd period - Icing by Auston Matthews.
16:39 of 3rd period - Artemi Panarin wins face-off versus Calle Jarnkrok in ARIZONA Coyotes zone.
17:08 of 3rd period - Off-side.
17:09 of 3rd period - Frederick Gaudreau wins face-off versus Evgeny Kuznetsov in neutral zone.
18:42 of 3rd period - Icing by Auston Matthews.
18:43 of 3rd period - Auston Matthews wins face-off versus Robby Fabbri in ARIZONA Coyotes zone.
19:02 of 3rd period - Icing by Colin Miller.
19:03 of 3rd period - Robby Fabbri wins face-off versus Brandon Sutter in ST. LOUIS Blues zone.
19:03 of 3rd period - Robby Fabbri is hit by Pierre-Edouard Bellemare.
19:35 of 3rd period - Minor Penalty to Vladislav Gavrikov for Hooking.
19:36 of 3rd period - Brandon Sutter wins face-off versus Brandon Tanev in ARIZONA Coyotes zone.
19:45 of 3rd period - ST. LOUIS Blues, Marc-Andre Fleury is pulled from the net.
19:47 of 3rd period - Shot by Erik Haula.
19:47 of 3rd period - Stopped by Andrei Vasilevskiy without a rebound.
19:48 of 3rd period - Erik Haula wins face-off versus Brandon Sutter in ARIZONA Coyotes zone.
19:57 of 3rd period - Shot by Erik Gustafsson.
19:57 of 3rd period - Stopped by Andrei Vasilevskiy without a rebound.
19:58 of 3rd period - Evgeny Kuznetsov wins face-off versus Brandon Sutter in ARIZONA Coyotes zone.
Goals for this period are 2 for ARIZONA Coyotes vs 1 for ST. LOUIS Blues.
Shots for this period are 23 for ARIZONA Coyotes vs 12 for ST. LOUIS Blues. Output by the SimonT Hockey Simulator (STHS) for Martin Benoit - Original Page W3C HTML5 Valid
Hockey Simulator - Hockey Simulation - Hockey Manager